Map: Triton LE

Players

NugPot

  • Race: Terran Terran
  • League: Grandmaster
  • Spawn Location: 11:00

BerryRAWR - Winner!

  • Race: Terran Terran
  • League: Grandmaster
  • Spawn Location: 5:00

VOD

Have the link to the VOD?

Description

Time

  • Played on: March 4, 2020, 12:13 a.m.
  • Length: 9:10
Show
View Real Time Build Order
Export as new Build Order

NugPot Terran 

Build Orders: Liberator Opening 

Get SALT Encoding   

  12  0:00  SCV  
  13  0:12  SCV  
  14  0:17  Supply Depot  
  14  0:24  SCV  
  14  0:27  Refinery  
  15  0:38  SCV  
  16  0:44  Barracks  
  16  0:50  SCV  
  16  0:55  Refinery  
  17  1:02  SCV  
  18  1:14  SCV  
  19  1:27  SCV  
  19  1:31  Reaper  
  21  1:34  Factory  
  21  1:39  Orbital Command  
  21  1:48  Supply Depot  
  21  2:03  Reaper  
  21  2:04  SCV  
  23  2:16  SCV  
  23  2:20  Hellion  
  26  2:28  Command Center  
  26  2:31  SCV  
  26  2:35  Reaper  
  28  2:41  Hellion  
  30  2:45  Supply Depot  
  30  2:47  SCV  
  31  2:56  Starport  
  31  3:07  SCV  
  31  3:09  Barracks Reactor, Factory Tech Lab  
  32  3:19  SCV  
  33  3:32  Cyclone  
  36  3:35  SCV  
  36  3:40  Liberator  
  40  3:43  Orbital Command  
  40  3:45  Marine x2  
  40  3:47  SCV  
  43  3:59  SCV  
  43  4:02  Refinery  
  44  4:03  Supply Depot  
  44  4:07  Barracks  
  44  4:09  Siege Tank  
  47  4:11  SCV  
  47  4:12  SCV  
  47  4:13  Barracks Tech Lab  
  49  4:23  SCV, Barracks  
  50  4:25  Starport Reactor  
  50  4:27  SCV  
  51  4:31  Engineering Bay  
  51  4:36  Supply Depot  
  51  4:41  Stimpack, Marine  
  51  4:43  SCV  
  51  4:45  SCV  
  54  4:51  Siege Tank  
  57  4:56  SCV, Refinery  
  57  4:57  Marine  
  57  4:58  Marine  
  60  5:01  SCV  
  60  5:06  Terran Infantry Weapons Level 1  
  61  5:08  SCV  
  61  5:09  Starport Reactor  
  61  5:10  Marine  
  63  5:17  Supply Depot  
  63  5:18  Marine x2  
  63  5:20  Supply Depot  
  65  5:21  Marine  
  65  5:23  Marine  
  67  5:29  SCV x2  
  67  5:34  Marine  
  70  5:39  Siege Tank  
  70  5:42  Marine x4  
  73  5:45  Medivac  
  73  5:46  Medivac  
  73  5:48  SCV  
  81  5:52  Supply Depot, Marine  
  81  5:54  SCV  
  83  6:01  Marine x3  
  86  6:06  Supply Depot  
  86  6:13  SCV, Marine x2, Siege Tank  
  86  6:17  Medivac  
  94  6:23  Medivac, Marine x2  
  94  6:24  Supply Depot  
  98  6:26  Marine  
  98  6:27  Combat Shield  
  98  6:31  Marine  
  98  6:32  SCV x2  
  102  6:33  Marine  
  103  6:40  Marine  
  103  6:41  Supply Depot  
  103  6:45  Marine x2  
  106  6:49  Marine  
  106  6:50  Siege Tank  
  109  7:01  Marine  
  109  7:02  Marine  
  109  7:08  Medivac  
  113  7:09  Supply Depot  
  113  7:13  Marine x2  
  113  7:14  Marine  
  116  7:20  SCV x2  
  116  7:22  Siege Tank  
  121  7:25  Supply Depot  
  121  7:26  Supply Depot  
  121  7:34  Marine x4  
  121  7:35  Marine  
  118  7:52  Marine x3  
  118  7:57  Marine x2  
  95  7:59  Medivac, Siege Tank  
  95  8:00  Medivac  
  102  8:10  Marine x3  
  105  8:15  Marine x2  
  106  8:27  Marine  
  106  8:28  Marine  
  107  8:40  Marine  
  107  8:41  Marine  
Show
View Real Time Build Order
Export as new Build Order

BerryRAWR Terran - Winner!

Build Orders:  

Get SALT Encoding   

  12  0:02  SCV  
  14  0:14  SCV  
  14  0:20  Supply Depot  
  14  0:26  SCV  
  15  0:30  Refinery  
  15  0:42  SCV  
  16  0:45  Barracks  
  16  0:54  SCV  
  16  0:55  Refinery  
  17  1:06  SCV  
  18  1:18  SCV  
  19  1:32  Reaper, Orbital Command  
  20  1:35  Factory  
  20  1:47  Supply Depot  
  20  1:58  SCV  
  21  2:04  Reaper  
  22  2:10  SCV  
  23  2:20  Hellion  
  25  2:23  SCV  
  26  2:31  Command Center  
  26  2:36  Reaper  
  27  2:37  SCV  
  27  2:39  Supply Depot  
  27  2:43  Hellion  
  30  2:50  SCV  
  31  3:03  Starport  
  31  3:05  Factory Tech Lab  
  31  3:08  Barracks Reactor  
  31  3:12  SCV  
  32  3:24  SCV  
  33  3:30  Siege Tank  
  35  3:38  SCV  
  36  3:43  Viking  
  36  3:45  Refinery, Orbital Command  
  36  3:46  Marine x2  
  40  3:58  SCV  
  41  4:04  Marine x2  
  41  4:08  Siege Tank  
  46  4:10  SCV  
  46  4:11  SCV  
  46  4:12  Supply Depot  
  48  4:22  SCV, Starport Reactor  
  48  4:23  SCV  
  50  4:30  Barracks Tech Lab  
  50  4:33  Barracks  
  50  4:34  SCV, Barracks  
  50  4:35  SCV  
  52  4:47  SCV x2, Siege Tank  
  52  4:48  Stimpack, Marine  
  58  4:53  Supply Depot  
  58  4:59  SCV  
  60  5:00  SCV  
  60  5:09  Starport Reactor  
  60  5:11  SCV, Barracks  
  60  5:12  SCV, Barracks  
  62  5:15  Marine  
  62  5:20  Siege Tank  
  66  5:22  Supply Depot  
  66  5:24  Supply Depot  
  66  5:25  Marine  
  66  5:28  SCV x2  
  69  5:40  SCV  
  70  5:48  Engineering Bay, Marine x3  
  70  5:49  Engineering Bay, Marine  
  75  5:52  Siege Tank  
  75  5:55  Refinery  
  75  5:56  SCV  
  78  6:02  SCV  
  79  6:04  Barracks Reactor x2, Marine  
  79  6:05  Marine  
  79  6:08  Supply Depot  
  79  6:09  Supply Depot  
  79  6:10  Marine  
  79  6:11  Marine x2  
  84  6:15  Terran Infantry Weapons Level 1  
  84  6:17  Terran Infantry Armor Level 1  
  84  6:22  Marine  
  84  6:23  Marine  
  86  6:29  Marine x2  
  86  6:30  Medivac x2, Marine  
  93  6:33  Combat Shield  
  93  6:40  Marine  
  93  6:41  Marine x4  
  93  6:45  Siege Tank  
  101  6:51  SCV  
  101  6:53  Marine  
  101  6:54  Supply Depot  
  103  6:55  Supply Depot  
  102  7:03  Marine x2  
  102  7:04  Marine x5  
  109  7:14  Marine  
  109  7:15  Medivac x2  
  112  7:16  Supply Depot  
  112  7:17  Marine  
  112  7:21  Marine  
  114  7:27  Siege Tank  
  114  7:28  Marine x3  
  114  7:29  Marine  
  121  7:32  Marine x2  
  121  7:33  Marine  
  124  7:47  Marine x2  
  126  7:55  Marine  
  126  7:57  Marine x3  
  126  7:58  Marine x2  
  130  7:59  Medivac x2  
  134  8:06  Marine  
  134  8:12  Command Center  
Tags
 
Add a new tag
Caveats
  • Supply blocks, unpowered buildings, or Contaminate may cause inaccurate times.
  • Supply counts are checked every 10 seconds.